AoeStats
← Threadus

Arabia

510624559Analyzed
1v1 RM · 16h ago on Oct 1, 2026· 46m 50s· 2 players
Game mode
Random Map
Map size
Tiny (2 player)
Population
200
Speed
Normal
Resources
Standard
Victory
Conquest
Starting age
Dark Age
Ending age
Imperial Age
RankedLock teamsTeams togetherTeam positionsShared explorationLock speedFull tech treeHidden civsTurbo modeCheats
Victory
Defeat
🇬🇧 Vikings · United Kingdom
765
+14
🇦🇷 Chinese · Argentina
721
-14
FlacoCba
0:27 Loom
10:29 Feudal Age
14:56 Fletching
15:41 Double-Bit Axe
16:26 Padded Archer Armor
17:35 Horse Collar
23:12 Castle Age
24:05 Thumb Ring
23:22 Elite Skirmisher
28:57 Squires
29:15 Town Watch
30:04 Scale Mail Armor
30:15 Forging
31:18 Wheelbarrow
30:57 Gold Mining
31:30 Bow Saw
32:11 Bodkin Arrow
32:27 Stone Mining
34:34 Sanctity
34:28 Fervor
39:36 Imperial Age
36:44 Pikeman
38:17 Chain Mail Armor
38:39 Iron Casting
41:39 Block Printing
41:15 Halberdier
43:40 Leather Archer Armor
46:35 Ring Archer Armor
46:05 Bracer
46:28 Ballistics
Threadus
4:24 Loom
10:04 Feudal Age
10:44 Double-Bit Axe
17:30 Fletching
23:05 Castle Age
21:21 Padded Archer Armor
24:40 Bodkin Arrow
28:54 Gold Mining
29:55 Chieftains
30:18 Elite Skirmisher
35:15 Imperial Age
34:12 Gold Shaft Mining
36:28 Conscription
37:42 Bogsveigar
37:14 Crossbowman
37:44 Cavalier
38:58 Arbalester
43:35 Bow Saw
44:09 Bracer
44:19 Forging
44:42 Elite Berserk
46:47 Ballistics
47:28 Chemistry
47:09 Iron Casting
46:50 Leather Archer Armor
Connection lost

Rejoining the realm…

Still unreachable

The connection could not be restored.

Session expired

The server has moved on; the page needs a fresh start.